 Dungeon Crawl Stone Soup version 0.29.0-4-gdea44cf6ec (webtiles) character file.

Game seed: 10073121036705882465

259 qw the Chopper (level 6, -10/35 HPs)
             Began as a Tengu Warper on Aug 28, 2022.
             Mangled by Edmund
             ... wielding a +3 dire flail of protection
              (12 damage)
             ... on level 4 of the Dungeon.
             The game lasted 00:00:18 (3743 turns).

qw the Chopper (Tengu Warper)                       Turns: 3743, Time: 00:00:19

Health: -10/35     AC:  7    Str: 13    XL:     6   Next: 17%
Magic:  10/10      EV:  7    Int: 12    God:
Gold:   112        SH:  0    Dex: 13    Spells: 9/9 levels left

rFire   + . .      SeeInvis .   Y - +0 war axe
rCold   . . .      Faith    .   (no shield)
rNeg    . . .      Spirit   .   f - +1 chain mail "Ymejov" {rF+ Will+ Regen+ Int-2}
rPois   .          Reflect  .   (helmet restricted)
rElec   .          Harm     .   (no cloak)
rCorr   .          Rampage  .   k - +0 pair of gloves
Will    +....                   (boots unavailable)
Stlth   ..........              (no amulet)
HPRegen 0.91/turn               (no ring)
MPRegen 0.12/turn               (no ring)

@: flying quickly and evasively, quick
A: beak, talons 3, nimble flight, deformed body, shaggy fur 1
a: no special abilities


You were on level 4 of the Dungeon.
You visited 2 branches of the dungeon, and saw 5 of its levels.

You collected 154 gold pieces.
You spent 42 gold pieces at shops.


Innate Abilities, Weirdness & Mutations

You have a beak for a mouth.
You have claws for feet.
Your magical nature lets you fly swiftly and evasively.
Armour fits poorly on your strangely shaped body.
You are covered in fur. (AC +1)


   Skills:
 - Level 2.0 Fighting
 - Level 6.7 Axes
 - Level 1.0 Throwing
 + Level 1.8 Armour
 - Level 2.1 Dodging
 - Level 2.0 Spellcasting
 - Level 2.4 Translocations


You had 9 spell levels left.
You didn't know any spells.
Your spell library contained the following spells:

 Spells                   Type           Power      Damage    Failure   Level
 Blink                    Tloc           12%        N/A       99%         2
 Gell's Gravitas          Tloc           6%         N/A       100%        3
 Lesser Beckoning         Tloc           6%         N/A       100%        3
 Teleport Other           Tloc           6%         N/A       100%        3
 Manifold Assault         Tloc           6%         N/A       100%        5

Inventory:

Hand Weapons
 e - a +0 whip of venom
 Y - a +0 war axe (weapon)
Armour
 c - the +2 pair of gloves of Dyspraxia {rC++}
   (You found it on level 4 of the Dungeon)

   rC:        It greatly protects you from cold.
 f - the +1 chain mail "Ymejov" (worn) {rF+ Will+ Regen+ Int-2}
   (You took it off a kobold on level 3 of the Dungeon)

   Int:       It affects your intelligence (-2).
   rF:        It protects you from fire.
   Regen:     It increases your rate of health regeneration.
   Will:      It increases your willpower.
 k - a +0 pair of gloves (worn)
Scrolls
 b - a scroll of identify
Potions
 g - a potion of flight {unknown}
 i - a potion of resistance {unknown}
 n - 3 potions of curing
 q - a potion of brilliance {unknown}
 r - a potion of invisibility {unknown}
 s - a potion of cancellation {unknown}

Dungeon Overview and Level Annotations

Branches:
Dungeon (4/15)             Temple (1/1) D:4

Altars:
Ashenzari
Cheibriados
Elyvilon
Gozag
Kikubaaqudgha
Makhleb
Qazlal
Sif Muna
Trog
Vehumet
Wu Jian
Xom
Yredelemnul
Zin
The Shining One

Shops:
D:1 *[!*:

Annotations:
D:4 Edmund


Message History

You hit Edmund. You peck Edmund, but do no damage.
Edmund is moderately wounded.
Edmund hits you with a +3 dire flail of protection! x2
3732 ||| DRINKING potion of heal wounds.
You feel much better.
Edmund hits you with a +3 dire flail of protection.
You hit Edmund.
Edmund is moderately wounded.
Edmund hits you but does no damage.
You barely miss Edmund. You claw Edmund.
Edmund is moderately wounded.
Edmund hits you with a +3 dire flail of protection!
You closely miss Edmund. You peck Edmund, but do no damage.
Edmund is moderately wounded.
Edmund hits you with a +3 dire flail of protection.
You closely miss Edmund. Your kick misses Edmund.
Edmund is moderately wounded.
Edmund barely misses you.
You slash Edmund!
Edmund is severely wounded.
Edmund closely misses you. Edmund hits you but does no damage.
You slash Edmund! You claw Edmund, but do no damage. You peck Edmund.
Edmund is almost dead.
Edmund hits you but does no damage.
You hit Edmund but do no damage.
Edmund is almost dead.
Edmund hits you with a +3 dire flail of protection!
You closely miss Edmund. You claw Edmund, but do no damage.
Edmund is almost dead.
Edmund hits you with a +3 dire flail of protection!
You closely miss Edmund. Your kick misses Edmund. You peck Edmund.
Edmund is almost dead.
Edmund hits you with a +3 dire flail of protection.
You closely miss Edmund. Your kick misses Edmund.
Edmund is almost dead.
Edmund hits you with a +3 dire flail of protection.
You barely miss Edmund. Your kick misses Edmund.
Edmund is almost dead.
Edmund hits you with a +3 dire flail of protection!
You die...

#.. #.##... #
#..##....... ##.
##.......#.#
##>.##..........##.#
#.........%P.P...#.#
#..........._......#
...........P.P.....#
...................#
......@@...........##
#...................##
..#########......./.....
#........#....
#........#....
###......#....
##.......... #
###..##.... ..
#.........


You could see Edmund.

Vanquished Creatures
  Sigmund (D:2)
  Jessica (D:2)
  An adder (D:2)
  A worm (D:2)
  3 dart slugs
  An orc (D:3)
  7 bats
  6 endoplasms
  2 giant cockroaches
  6 hobgoblins
  A quokka (D:1)
  8 ball pythons
  3 frilled lizards
  4 goblins
  6 kobolds
  7 rats
58 creatures vanquished.

Notes
Turn   | Place    | Note
-------+----------+-------------------------------------------
     0 | D:1      | qw the Tengu Warper began the quest for the Orb.
     0 | D:1      | Reached XP level 1. HP: 12/12 MP: 4/4
     0 | D:1      | 0 ||| qw: Version: 0.1-a-89-g26bdef1
     0 | D:1      | 0 ||| qw: Game counter: 1337
     0 | D:1      | 0 ||| qw: Always use a shield: true
     0 | D:1      | 0 ||| qw: God list: Okawaru
     0 | D:1      | 0 ||| qw: Allow faded altars: false
     0 | D:1      | 0 ||| qw: Do Orc after D:15 true
     0 | D:1      | 0 ||| qw: Do second Lair branch before Depths: true
     0 | D:1      | 0 ||| qw: Lair rune preference: random
     0 | D:1      | 0 ||| qw: Plans: Normal
     0 | D:1      | 0 ||| PLANNING D:1-11
   163 | D:1      | Found Mesam's Distillery.
   180 | D:1      | 180 ||| SHOPLISTING potion of curing (39 gold, have 17).
   180 | D:1      | 180 ||| SHOPLISTING potion of haste (130 gold, have 17).
   180 | D:1      | 180 ||| SHOPLISTING potion of mutation (104 gold, have 17).
   206 | D:1      | Reached skill level 3 in Axes
   206 | D:1      | Reached XP level 2. HP: 17/17 MP: 6/6
   213 | D:1      | Found Iraust's Assorted Antiques.
   217 | D:1      | 217 ||| BUYING fizzy red potion (18 gold).
   217 | D:1      | Bought a fizzy red potion for 18 gold pieces
   217 | D:1      | 217 ||| SHOPLISTING scroll labelled VUAVUDDE KOPSA (21
                  | gold, have 13).
   217 | D:1      | 217 ||| SHOPLISTING smoky dark potion (18 gold, have 13).
   508 | D:1      | Found Wurimne's Antique Armour Boutique.
   696 | D:1      | 696 ||| Stepping ~*~*~tactically~*~*~ (hiding).
   698 | D:1      | 698 ||| Stepping ~*~*~tactically~*~*~ (hiding).
   789 | D:1      | Found Jaesmy's Book Shop.
   955 | D:1      | Found Locviq's Assorted Antiques.
   985 | D:1      | Reached XP level 3. HP: 15/21 MP: 7/7
  1093 | D:1      | 1093 ||| SHOPLISTING 2 inky potions (48 gold, have 29).
  1093 | D:1      | 1093 ||| BUYING bubbling puce potion (24 gold).
  1093 | D:1      | Bought a bubbling puce potion for 24 gold pieces
  1093 | D:1      | 1093 ||| SHOPLISTING lumpy yellow potion (24 gold, have 5).
  1093 | D:1      | 1093 ||| SHOPLISTING scroll labelled AGUEM KEUST (27 gold,
                  | have 5).
  1099 | D:1      | 1099 ||| Stepping ~*~*~tactically~*~*~ (stealth).
  1223 | D:1      | 1223 ||| UPGRADING to +0 ring mail.
  1233 | D:1      | 1233 ||| DROPPING +0 leather armour.
  1234 | D:1      | 1234 ||| UPGRADING to +0 scale mail.
  1244 | D:1      | 1244 ||| DROPPING +0 ring mail.
  1245 | D:1      | 1245 ||| UPGRADING to +0 pair of gloves.
  1250 | D:1      | 1250 ||| UPGRADING to +0 chain mail.
  1260 | D:1      | 1260 ||| DROPPING +0 scale mail.
  1261 | D:1      | 1261 ||| READING scroll labelled JOMITHY INUR.
  1362 | D:1      | 1362 ||| READING scroll labelled ISOEMEEDDE.
  1363 | D:1      | 1363 ||| READING scroll labelled AGUEM KEUST.
  1364 | D:1      | 1364 ||| READING scroll labelled WEYLOV PUANLOP.
  1367 | D:1      | 1367 ||| READING scroll labelled QUCRAD OSEYS KEH.
  1488 | D:1      | 1488 ||| DROPPING scroll of blinking.
  1749 | D:2      | Reached skill level 4 in Axes
  1790 | D:2      | 1790 ||| SWAPPING to +0 war axe.
  1796 | D:2      | 1796 ||| DROPPING +0 hand axe.
  1816 | D:2      | Noticed Jessica
  1820 | D:2      | Killed Jessica
  1821 | D:2      | Reached XP level 4. HP: 21/26 MP: 8/8
  1966 | D:2      | Found a faded altar of an unknown god.
  2114 | D:2      | 2114 ||| DROPPING +0 club.
  2116 | D:2      | Noticed Sigmund
  2127 | D:2      | Killed Sigmund
  2128 | D:2      | Reached skill level 6 in Axes
  2128 | D:2      | Gained mutation: Your magical nature lets you fly swiftly
                  | and evasively. [Tengu growth]
  2128 | D:2      | Reached XP level 5. HP: 10/30 MP: 9/9
  2128 | D:2      | Reached XP level 6. HP: 11/35 MP: 10/10
  2482 | D:2      | Identified the +4 short sword "Huuthr Faudu" {vorpal, rC++
                  | Str-4 Int+6}
  2774 | D:2      | 2774 ||| READING scroll labelled VUAVUDDE KOPSA.
  2775 | D:2      | 2775 ||| READING 2 scrolls labelled BIERAR GUNOTEY.
  2776 | D:2      | 2776 ||| DRINKING 2 fizzy red potions.
  2777 | D:2      | 2777 ||| DRINKING 2 sedimented puce potions.
  2778 | D:2      | 2778 ||| DROPPING scroll of magic mapping.
  2779 | D:2      | 2779 ||| DROPPING potion of attraction.
  3289 | D:3      | Identified the +1 chain mail "Ymejov" {rF+ Will+ Regen+
                  | Int-2}
  3291 | D:3      | 3291 ||| Stepping ~*~*~tactically~*~*~ (stealth).
  3293 | D:3      | 3293 ||| Stepping ~*~*~tactically~*~*~ (stealth).
  3547 | D:3      | Found a white marble altar of Elyvilon.
  3548 | D:3      | Found a glowing silver altar of Zin.
  3549 | D:3      | Found a glowing golden altar of the Shining One.
  3643 | D:3      | 3643 ||| UPGRADING to +1 chain mail "Ymejov" {rF+ Will+
                  | Regen+ Int-2}.
  3653 | D:3      | 3653 ||| DROPPING +0 chain mail.
  3654 | D:3      | 3654 ||| DRINKING 2 metallic inky potions.
  3654 | D:3      | Gained mutation: You are partially covered in iridescent
                  | scales. (AC +2) [potion of mutation]
  3654 | D:3      | Gained mutation: Your mind is acute. (Int +4, Str/Dex -1)
                  | [potion of mutation]
  3654 | D:3      | Gained mutation: You occasionally lose the ability to drink
                  | potions when taking damage. [potion of mutation]
  3655 | D:3      | 3655 ||| DRINKING potion of mutation.
  3655 | D:3      | Lost mutation: You occasionally lose the ability to drink
                  | potions when taking damage. [potion of mutation]
  3655 | D:3      | Lost mutation: You are partially covered in iridescent
                  | scales. (AC +2) [potion of mutation]
  3655 | D:3      | Lost mutation: Your mind is acute. (Int +4, Str/Dex -1)
                  | [potion of mutation]
  3655 | D:3      | Gained mutation: You are covered in fur. (AC +1) [potion of
                  | mutation]
  3655 | D:3      | Gained mutation: Armour fits poorly on your strangely
                  | shaped body. [potion of mutation]
  3656 | D:3      | 3656 ||| READING 3 scrolls of identify.
  3656 | D:3      | 3656 ||| IDENTIFYING bubbling red potion
  3657 | D:3      | 3657 ||| READING 2 scrolls of identify.
  3657 | D:3      | 3657 ||| IDENTIFYING fizzy ruby potion
  3658 | D:3      | 3658 ||| DROPPING potion of degeneration.
  3663 | D:4      | Found a staircase to the Ecumenical Temple.
  3664 | D:4      | 3664 ||| PLANNING TEMPLE
  3675 | Temple   | Entered the Ecumenical Temple
  3686 | Temple   | 3686 ||| PLANNING D:1-11
  3701 | D:4      | Found a basalt altar of Yredelemnul.
  3702 | D:4      | Identified the +2 pair of gloves of Dyspraxia {rC++}
  3721 | D:4      | Noticed Edmund
  3731 | D:4      | HP: 2/35 [Edmund/+3 dire flail of protection (9)]
  3732 | D:4      | 3732 ||| DRINKING potion of heal wounds.
  3740 | D:4      | HP: 3/35 [Edmund/+3 dire flail of protection (10)]
  3742 | D:4      | HP: 1/35 [Edmund/+3 dire flail of protection (2)]
  3743 | D:4      | Mangled by Edmund

Levels and vault maps discovered:
D:1:      dpeg_chamrin_arrival_tetris, layout_loops_corners, serial_shops,
          nicolae_diamond_shop, nicolae_shop_hallway_plus, nicolae_square_shop,
          nicolae_shop_competitors_out_of_business, shop
D:2:      layout_basic, dreamdust_ecumenical_altar_statues, uniq_sigmund,
          uniq_jessica
D:3:      layout_loops_ring, good_gods_temple_1, minivault_25
D:4:      layout_rooms, yredelemnul_altar_generic, mainiacjoe_overflow_paths,
          minmay_temple_entry_stoned_glass, uniq_edmund, uniq_crazy_yiuf_cottage
Temple:   minmay_freezing_vapour_temple

Skill      XL: |  1  2  3  4 |
---------------+-------------+-----
Axes           | 3 4 6 |  6.7
Fighting       | |  2.0
Throwing       | |  1.0
Armour         | |  1.8
Dodging        | |  2.1
Spellcasting   | |  2.0
Translocations | |  2.4

Action                   |  1- 3 |  4- 6 || total
-------------------------+-------+-------++-------
Melee: Hand axe          |    57 |       ||    57
       Kick              |    13 |    19 ||    32
       Peck              |     9 |    15 ||    24
       Punch             |     1 |       ||     1
       War axe           |     2 |    96 ||    98
Throw: Boomerang         |     7 |       ||     7
  Use: Scroll            |     5 |     4 ||     9
       Potion            |       |     5 ||     5
Armor: Leather armour    |    11 |       ||    11
       Chain mail        |     5 |    56 ||    61
Dodge: Dodged            |    25 |    21 ||    46

Table legend:
 A = Non-vault XP
 B = Vault XP
 C = Vault XP percentage of total XP
 D = Non-vault monster count
 E = Vault monster count
 F = Vault count percentage of total count
                 A         B        C        D         E       F
            +---------+---------+-------+---------+---------+-------
      Total |     108 |     263 |  70.9 |      56 |       2 |   3.4
            +---------+---------+-------+---------+---------+-------
        D:1 |      37 |       0 |   0.0 |      23 |       0 |   0.0
        D:2 |      39 |     263 |  87.1 |      14 |       2 |  12.5
        D:3 |      25 |       0 |   0.0 |      16 |       0 |   0.0
        D:4 |       7 |       0 |   0.0 |       3 |       0 |   0.0
            +---------+---------+-------+---------+---------+-------
